 Dungeon Crawl Stone Soup version 0.25-a0-283-ge7e91ba8d0 (webtiles) character file.

Game seed: 2437084717936528663, levelgen mode: deterministic

650 DerDa the Magician (level 7, -11/50 HPs)
             Began as a Grey Draconian Air Elementalist on Dec 11, 2019.
             Mangled by a mummy (13 damage)
             ... in an ossuary.
             The game lasted 00:17:04 (2929 turns).

DerDa the Magician (DrAE)                           Turns: 2929, Time: 00:17:04

Health: -11/50     AC: 12    Str: 10    XL:     7   Next: 28%
Magic:  23/23      EV: 12    Int: 18    God:
Gold:   243        SH:  0    Dex: 11    Spells: 6/16 levels left

rFire    . . .     SeeInvis .   a - +0 club
rCold    + . .     Gourm    .   (no shield)
rNeg     . . .     Faith    .   (armour unavailable)
rPois    .         Spirit   .   (helmet restricted)
rElec    .         Reflect  .   d - +0 cloak
rCorr    .         Harm     +   (no gloves)
MR       .....                  (no boots)
Stlth    ++........             l - amulet of harm
HPRegen  0.16/turn              p - ring of protection from cold
MPRegen  0.18/turn              u - ring of magical power

@: no status effects
A: walk through water, unfitting armour, unbreathing, cold-blooded, AC +11
a: no special abilities


You were in an ossuary.
You were not hungry.

You visited 1 branch of the dungeon, and saw 6 of its levels.
You also visited: Ossuary.

You collected 243 gold pieces.

Inventory:

Hand Weapons
 a - a +0 club (weapon)
Missiles
 c - 94 stones (quivered)
 m - 17 sling bullets
Armour
 d - a +0 cloak (worn)
Jewellery
 l - an amulet of harm (around neck)
 p - a ring of protection from cold (left hand)
 u - a ring of magical power (right hand)
Wands
 B - a wand of disintegration (13)
Scrolls
 e - 4 scrolls of teleportation
 f - 2 scrolls of fog {unknown}
 g - 2 scrolls of amnesia {unknown}
 h - 2 scrolls of fear {unknown}
 i - 3 scrolls of enchant weapon {unknown}
 k - a scroll of immolation {unknown}
 s - 4 scrolls of remove curse {unknown}
 t - 3 scrolls of identify {unknown}
 w - 2 scrolls of blinking {unknown}
 x - 2 scrolls of enchant armour {unknown}
 y - 3 scrolls of noise {unknown}
Potions
 j - a potion of heal wounds
 o - 2 potions of lignification {unknown}
 q - 2 potions of curing {unknown}
 r - a potion of haste {unknown}
 v - a potion of might
 z - a potion of brilliance {unknown}
 A - 2 potions of flight {unknown}
 C - a potion of degeneration {unknown}
Comestibles
 b - 8 rations
 n - 2 chunks of flesh


   Skills:
 - Level 1.7 Dodging
 - Level 1.7 Stealth
 * Level 5.2 Spellcasting
 * Level 4.3 Conjurations
 + Level 4.0 Air Magic


You had 6 spell levels left.
You knew the following spells:

 Your Spells              Type           Power        Failure   Level  Hunger
a - Shock                 Conj/Air       ###.         2%          1    None
b - Swiftness             Chrm/Air       ##......     9%          2    #......
c - Static Discharge      Conj/Air       ###.....     7%          3    ##.....
d - Airstrike             Air            ###.......   24%         4    ####...

Your spell library contained the following spells:

 Spells                   Type           Power        Failure   Level  Hunger
 Lightning Bolt           Conj/Air       ###.......   54%         5    ######.


Dungeon Overview and Level Annotations

Branches:
Dungeon (6/15)            Ossuary (1/1)
 Temple: D:4-7

Altars:


Innate Abilities, Weirdness & Mutations

You can walk through water.
Your dull iron-grey scales are very hard. (AC +11)
You cannot fit into any form of body armour.
You can survive without breathing.
You are cold-blooded and may be slowed by cold attacks.


Message History

The hound zombie is lightly damaged.
The hound zombie bites you but does no damage.
The mummy hits you.
The hound zombie bites you but does no damage.
You hit the hound zombie. You tail-slap the hound zombie.
The hound zombie is heavily damaged.
The hound zombie misses you. The bog mummy hits you.
The mummy hits you but does no damage. The hound zombie bites you.
* * * LOW HITPOINT WARNING * * *
The bog mummy casts a spell at you. You resist with some effort.
The hound zombie closely misses you. The mummy hits you!
* * * LOW HITPOINT WARNING * * *
The hound zombie bites you but does no damage.
You hit the hound zombie.
The hound zombie is heavily damaged.
The hound zombie barely misses you. The bog mummy barely misses you.
The mummy hits you!
You die...

≈≈≈ ..≈
#≈# #≈≈
+.###
#Z≈.##
###Z##≈#
#.≈@.P#
#####MM≈#
#∩..#.≈P#
#.∩.≈.≈##
#...#≈≈.#
#####≈≈≈#
≈≈.P≈#
.≈≈##≈#
P#P≈ ≈#


You could see a mummy, a bog mummy and 2 hound zombies.

Vanquished Creatures
  3 ogres
  A bullfrog (D:6)
  2 orc wizards (D:3)
  2 worker ants (D:4)
  4 gnolls (D:3)
  6 adders
  An ooze (D:1)
  2 dart slugs
  3 leopard geckos
  12 orcs
  2 ball pythons
  8 giant cockroaches
  11 goblins
  7 hobgoblins
  5 jackals
  7 kobolds
  2 quokkas
  6 bats
  6 frilled lizards
  A jackal zombie (D:2)
  2 quokka skeletons (D:4)
  7 rats
100 creatures vanquished.

Vanquished Creatures (others)
  An orc wizard (D:3)
  An adder zombie (D:5)
  A withered plant (Ossuary)
3 creatures vanquished.

Grand Total: 103 creatures vanquished

Notes
Turn   | Place    | Note
-------+----------+-------------------------------------------
     0 | D:1      | DerDa the Draconian Air Elementalist began the quest for
                  | the Orb.
     0 | D:1      | Reached XP level 1. HP: 14/14 MP: 3/3
   185 | D:1      | Reached XP level 2. HP: 14/20 MP: 5/5
   701 | D:2      | Reached XP level 3. HP: 26/26 MP: 2/6
   705 | D:2      | Learned a level 2 spell: Swiftness
   709 | D:2      | Learned a level 3 spell: Static Discharge
  1142 | D:2      | Reached skill level 3 in Spellcasting
  1399 | D:3      | Reached XP level 4. HP: 33/33 MP: 8/8
  1700 | D:3      | Reached XP level 5. HP: 38/38 MP: 9/10
  1892 | D:3      | HP: 1/38 [orc/+0 dagger (4)]
  1899 | D:3      | Reached skill level 4 in Spellcasting
  2204 | D:4      | Reached XP level 6. HP: 45/45 MP: 12/12
  2733 | D:5      | Entered Level 5 of the Dungeon
  2774 | D:5      | Learned a level 4 spell: Airstrike
  2822 | D:5      | Reached skill level 5 in Spellcasting
  2822 | D:5      | Your scales start taking on a dull iron-grey colour.
  2822 | D:5      | Reached XP level 7. HP: 50/50 MP: 8/14
  2822 | D:5      | Gained mutation: You can survive without breathing. [Grey
                  | Draconian growth]
  2900 | D:6      | Found a sand-covered staircase.
  2905 | Ossuary  | Entered an ossuary
  2928 | Ossuary  | HP: 2/50 [mummy (12)]
  2929 | Ossuary  | Mangled by a mummy

Levels and vault maps discovered:
D:1:      minmay_arrival_diagonal_passages, layout_loops_ring,
          ebering_dispersal_statue_hall, minmay_tromino_i2
D:2:      layout_loops_ring, first_ration, chequers_serial_rivers_room_a
D:3:      layout_loops_cross
D:4:      layout_loops_ring, serial_bayou_pond_d
D:5:      layout_cave_pools, xom_confusion_cloud, vehumet_crystals,
          makhleb_grotto_becter, serial_gnoll_camp, gnoll_camp_mini_shop,
          gnoll_camp_mini_basic, grums_kennel, gnoll_camp_mini_loothouse,
          gnoll_camp_mini_house, lemuel_flamethrower_2
D:6:      layout_basic, nicolae_overflow_crystal_walls,
          minmay_temple_entry_overgrown, enter_ossuary_5
Ossuary:  ossuary_zaba_flooded

Skill      XL: |  1  2  3  4  5  6  7 |
---------------+----------------------+-----
Spellcasting   | 3 4 5 |  5.2
Conjurations   | 2 3 4 |  4.3
Air Magic      | 4 3 4 |  4.0
Dodging        | |  1.7
Stealth        | |  1.7

Action                   |  1- 3 |  4- 6 |  7- 9 || total
-------------------------+-------+-------+-------++-------
Melee: Club              |    47 |    25 |    28 ||   100
       Tailslap          |     2 |     3 |     3 ||     8
 Cast: Shock             |    53 |   107 |     1 ||   161
       Static Discharge  |       |     3 |       ||     3
       Airstrike         |       |     3 |       ||     3
       Swiftness         |       |     1 |       ||     1
  Use: Potion            |     1 |     2 |       ||     3
       Scroll            |       |     1 |       ||     1
  Eat: Chunk             |     2 |     4 |     2 ||     8
Armor: Skin              |    26 |    20 |    27 ||    73
Dodge: Dodged            |    66 |    35 |    37 ||   138

Table legend:
 A = Non-vault XP
 B = Vault XP
 C = Vault XP percentage of total XP
 D = Non-vault monster count
 E = Vault monster count
 F = Vault count percentage of total count
                 A         B        C        D         E       F
            +---------+---------+-------+---------+---------+-------
      Total |     926 |       3 |   0.3 |      99 |       2 |   2.0
            +---------+---------+-------+---------+---------+-------
        D:1 |      34 |       3 |   8.1 |      17 |       2 |  10.5
        D:2 |      59 |       0 |   0.0 |      22 |       0 |   0.0
        D:3 |     278 |       0 |   0.0 |      45 |       0 |   0.0
        D:4 |     220 |       0 |   0.0 |      12 |       0 |   0.0
        D:5 |     239 |       0 |   0.0 |       2 |       0 |   0.0
        D:6 |      96 |       0 |   0.0 |       1 |       0 |   0.0
            +---------+---------+-------+---------+---------+-------
